 Dungeon Crawl Stone Soup version 0.30-a0-948-g4fa250aae5 (webtiles) character file.

Game seed: 10309645148132222786

20 bearlyready the Covered (level 2, 26/26 HPs)
             Began as an Armataur Fighter on Mar 27, 2023.
             Quit the game on level 1 of the Dungeon.
             The game lasted 00:00:57 (708 turns).

bearlyready the Covered (Armataur Fighter)           Turns: 708, Time: 00:00:57

Health: 26/26      AC:  6    Str: 21    XL:     2   Next: 58%
Magic:  2/2        EV:  7    Int:  8    God:
Gold:   48         SH:  4    Dex:  9    Spells: 1/1 levels left

rFire   . . .      SeeInvis .    a - +0 flail
rCold   . . .      Faith    .    c - +0 buckler
rNeg    . . .      Spirit   .    b - +0 scale mail
rPois   .          Reflect  .    (no helmet)
rElec   .          Roll     +    (no cloak)
rCorr   .                        (no gloves)
Will    .....                    (no barding) Stlth
                                 (no amulet)
HPRegen 0.24/turn                (no ring)
MPRegen 0.08/turn                (no ring)

@: no status effects
A: large, rugged brown scales 3, deformed body, armoured tail, roll, long
tongue, awkward tongue
a: no special abilities


You were on level 1 of the Dungeon.
You visited 1 branch of the dungeon, and saw 1 of its levels.

You collected 48 gold pieces.

Inventory:

Hand Weapons
 a - a +0 flail (weapon)
Armour
 b - a +0 scale mail (worn)
 c - a +0 buckler (worn)
Jewellery
 e - a +4 ring of slaying
Scrolls
 h - a scroll of fear {unknown}
 i - a scroll of vulnerability {unknown}
 k - a scroll of silence {unknown}
Potions
 d - a potion of might
 f - a potion of attraction {unknown}
 g - 2 potions of heal wounds {unknown}
 j - a potion of curing {unknown}


   Skills:
 - Level 2.6 Fighting
 + Level 2.9 Maces & Flails
 - Level 3.6 Armour
 - Level 3.2 Shields


You had one spell level left.
You didn't know any spells.
Your spell library was empty.

Dungeon Overview and Level Annotations

Branches:
Dungeon (1/15)

Altars:


Innate Abilities, Weirdness & Mutations

You are completely covered in rugged brown scales. (AC +3, +7% HP)
Armour fits poorly on your strangely shaped body.
You have a long armoured tail.
You roll when moving toward enemies. (Rampage)
Your long tongue fully drains potion bottles. (2x potion effects)
Your tongue gives you trouble enunciating. (1.5x scroll delay)


Message History

You hit the hobgoblin.
The hobgoblin is heavily wounded.
The hobgoblin hits you.
You sock the hobgoblin!
You kill the hobgoblin!
No target in view!
No target in view!
No target in view!
No target in view!
No target in view!
There is an open door here.
i - a scroll labelled NYUXEI KAUX You open the door.
A hobgoblin comes into view.
The hobgoblin shouts!
A hobgoblin is nearby!
A hobgoblin is nearby!
There is an open door here.
You hit the hobgoblin but do no damage. The hobgoblin hits you.
You closely miss the hobgoblin.
The hobgoblin hits you but does no damage.
You hit the hobgoblin.
The hobgoblin is heavily wounded.
The hobgoblin hits you but does no damage. x2
You hit the hobgoblin but do no damage.
The hobgoblin is heavily wounded.
The hobgoblin hits you.
You hit the hobgoblin but do no damage.
Your tail-slap misses the hobgoblin.
The hobgoblin is heavily wounded.
The hobgoblin hits you but does no damage.
You thump the hobgoblin!
You kill the hobgoblin!
j - a fuming golden potion You open the door.
There is an open door here.
k - a scroll labelled HUINOQ GOALA No target in view!
A goblin comes into view. It is wielding a +0 dagger.
A goblin is nearby!
Are you sure you want to abandon this character and quit the game? (Confirm with "yes".)

#.###.###.#
#.# #.#
#.....# #.#
#.# #######
#.# #.# #.#
#.# #.# #.#
#.# #.# #.#
#.# #.# #@#
# #...g.# #
#######
#######
#####
#.....#
#.#.#
##.###.#
#...#
...###^#
#.#.###.#
..)....#
#.#...#.#


You could see a goblin.

Vanquished Creatures
  5 endoplasms (D:1)
  2 giant cockroaches (D:1)
  A goblin (D:1)
  3 hobgoblins (D:1)
  3 kobolds (D:1)
  2 bats (D:1)
  A rat (D:1)
17 creatures vanquished.

Notes
Turn   | Place    | Note
-------+----------+-------------------------------------------
     0 | D:1      | bearlyready the Armataur Fighter began the quest for the
                  | Orb.
     0 | D:1      | Reached XP level 1. HP: 19/19 MP: 1/1
   335 | D:1      | Reached XP level 2. HP: 16/26 MP: 2/2
   708 | D:1      | Quit the game

Illustrated notes

Levels and vault maps discovered:
D:1:      moated_graveyard_arrival, layout_basic

Skill      XL: |  1 |
---------------+----+-----
Maces & Flails | 2 |  2.9
Fighting       | |  2.6
Armour         | |  3.6
Shields        | |  3.2

Action                     || total
---------------------------++-------
  Melee: Flail             ||    45
         Tailslap          ||     5
 Armour: Scale mail        ||    18
  Dodge: Dodged            ||    14
  Block: Buckler           ||     1

Table legend: (Time is in decaauts)
 A = Elapsed time spent in this place.
 B = Non-inter-level travel time spent in this place.
 C = Inter-level travel time spent in this place.
 D = Time resting spent in this place.
 E = Time spent auto-exploring this place.
 F = Levels seen in this place.
 G = Mean time per level.
                   A        B        C        D        E       F      G
               +--------+--------+--------+--------+--------+-----+--------+
         Total |    721 |    721 |      0 |      0 |    612 |   1 |  721.0 |
       Dungeon |    721 |    721 |      0 |      0 |    612 |   1 |  721.0 |
               +--------+--------+--------+--------+--------+-----+--------+

Top non-repeatable levels by time:
     D:1: 721 daAuts
